 Dungeon Crawl Stone Soup version 0.28-a0-683-ga8797d1ae1 (webtiles) character file.

Game seed: 271478302358320723

67 BlueFish the Covert (level 4, -9/35 HPs)
             Began as a Vampire Delver on Oct 18, 2021.
             Killed from afar by Natasha (13 damage)
             ... with a puff of flame
             ... on level 2 of the Dungeon.
             The game lasted 00:02:26 (973 turns).

BlueFish the Covert (Vampire Delver)                 Turns: 973, Time: 00:02:28

Health: -9/35      AC:  3    Str: 11    XL:     4   Next: 0%
Magic:  4/4        EV: 12    Int: 12    God:
Gold:   33         SH:  0    Dex: 16    Spells: 1/3 levels left

rFire   . . .      SeeInvis +   a - +0 short sword
rCold   . . .      Faith    .   (no shield)
rNeg    . . .      Spirit   .   b - +0 leather armour
rPois   .          Reflect  .   (no helmet)
rElec   .          Harm     .   (no cloak)
rCorr   .          Rampage  .   (no gloves)
Will    .....                   (no boots)
Stlth   ++++......              (no amulet)
HPRegen 0.31/turn               (no ring)
MPRegen 0.09/turn               (no ring)

@: healing quickly, slowed, very slow
A: alive, fangs 3, see invisible, vampiric 2
a: Exsanguinate


You were on level 2 of the Dungeon.
You visited 1 branch of the dungeon, and saw 5 of its levels.

You collected 33 gold pieces.

Inventory:

Hand Weapons
 a - a +0 short sword (weapon)
Missiles
 i - 5 boomerangs (quivered)
 j - 4 javelins
Armour
 b - a +0 leather armour (worn)
Wands
 g - a wand of digging (3)
Scrolls
 c - a scroll of fog
 d - a scroll of magic mapping
 e - a scroll of fear
 m - 2 scrolls of noise
Potions
 f - 3 potions of haste
 h - a potion of curing {unknown}
 l - 2 potions of flight


   Skills:
 * Level 3.0 Fighting
 * Level 3.0 Short Blades
 + Level 0.1 Armour
 * Level 2.4 Dodging
 * Level 8.4 Stealth
 * Level 0.3 Spellcasting
 * Level 0.7 Hexes


You had one spell level left.
You knew the following spells:

 Your Spells              Type           Power      Damage    Failure   Level
a - Slow                  Hex            2%         N/A       43%         2

Your spell library contained the following spells:

 Spells                   Type           Power      Damage    Failure   Level
 Confusing Touch          Hex            2%         N/A       67%         3
 Vampiric Draining        Necr           0%         2d6       78%         3


Dungeon Overview and Level Annotations

Branches:
Dungeon (5/15)
 Temple: D:4-7

Altars:
Kikubaaqudgha

Annotations:
D:2 Natasha


Innate Abilities, Weirdness & Mutations

Your natural rate of healing is accelerated.
You have razor-sharp teeth.
You have supernaturally acute eyesight. (SInv)
You are afflicted with vampirism and can become a bat while bloodless.


Message History

Things that are here:
a +1 spectral club; a +0 robe; the human corpse of Jessica HP restored.
Found a robe.
Found an ancient bone altar of Kikubaaqudgha.
Found a hunting sling.
Found a ring mail.
You see here a +0 ring mail.
Natasha, Servant of Life and Death comes into view.
She is carrying a wand of flame (24).
Natasha hisses angrily.
You hit Natasha.
Natasha is lightly wounded.
Natasha claws you.
You hit Natasha.
Natasha is lightly wounded.
Natasha claws you.
You hit Natasha. You bite Natasha.
Natasha is moderately wounded.
Natasha misses you.
You hit Natasha but do no damage.
Natasha is moderately wounded.
Natasha claws you!
You barely miss Natasha.
Natasha is moderately wounded.
Natasha zaps a wand.
The puff of flame hits you!
You barely miss Natasha.
Natasha is moderately wounded.
Natasha stares at you and mumbles some strange words.
You feel yourself slow down.
You closely miss Natasha. Your bite misses Natasha.
Natasha is moderately wounded.
Natasha zaps a wand.
The puff of flame hits you.
You hit Natasha but do no damage.
Natasha is moderately wounded.
Natasha zaps a wand.
The puff of flame hits you!
* * * LOW HITPOINT WARNING * * *
As you read the scroll of fear, it crumbles to dust.
You assume a fearsome visage.
Natasha looks frightened!
Natasha zaps a wand.
The puff of flame hits you!
You die...

#....# #....# #....#
#....#######
#..........# ####
#..........# #..
#........†.# #.#
#..........#####.##h#
#............@......#
#..........##########
#..........#......#
###........#.####.#
#........#.##...##
###........#.......####
#.....####.##...[..[..#
#.....## #)##..._..##.#
#......# #.........##.#


You could see Natasha.

Vanquished Creatures
  Jessica (D:2)
  An adder (D:3)
  A worm (D:2)
  7 ball pythons
  3 bats (D:1)
  4 endoplasms
  2 goblins
  3 jackals (D:1)
  2 kobolds (D:1)
  A quokka (D:1)
  3 frilled lizards (D:1)
28 creatures vanquished.

Vanquished Creatures (others)
  2 plants (D:1)
2 creatures vanquished.

Grand Total: 30 creatures vanquished

Notes
Turn   | Place    | Note
-------+----------+-------------------------------------------
     0 | D:5      | BlueFish the Vampire Delver began the quest for the Orb.
     0 | D:5      | Reached XP level 1. HP: 17/17 MP: 1/1
    20 | D:3      | Reached XP level 2. HP: 14/23 MP: 2/2
   115 | D:1      | Found a faded altar of an unknown god.
   208 | D:1      | Reached skill level 8 in Stealth
   436 | D:1      | Gained mutation: You are afflicted with vampirism and can
                  | become a bat while bloodless. [Vampire growth]
   436 | D:1      | Reached XP level 3. HP: 28/28 MP: 3/3
   439 | D:1      | Learned a level 2 spell: Slow
   844 | D:2      | Noticed Jessica
   854 | D:2      | Killed Jessica
   855 | D:2      | Reached XP level 4. HP: 25/35 MP: 4/4
   886 | D:2      | Found an ancient bone altar of Kikubaaqudgha.
   960 | D:2      | Noticed Natasha
   973 | D:2      | Killed from afar by Natasha

Illustrated notes

Levels and vault maps discovered:
D:1:      eino_arrival_water_cross, layout_rooms, basic_ecumenical_altar,
          hangedman_decor_push
D:2:      layout_basic, basic_altar, chequers_serial_rivers_micro_a,
          kennysheep_nub, uniq_jessica, uniq_natasha
D:3:      layout_basic, general_overflow_altar, minmay_close_crescents
D:4:      layout_basic, minmay_misc_feat_diagonals, uniq_grinder
D:5:      layout_basic, kennysheep_okawaru_gauntlet, makhleb_heckhound_becter,
          serial_shops, shop

Skill      XL: |  1  2  3 |
---------------+----------+-----
Stealth        | 8 |  8.4
Fighting       | 3 |  3.0
Short Blades   | 3 |  3.0
Armour         | |  0.1
Dodging        | |  2.4
Spellcasting   | |  0.3
Hexes          | |  0.7

Action                   |  1- 3 |  4- 6 || total
-------------------------+-------+-------++-------
Melee: Short sword       |    63 |     8 ||    71
       Bite              |     5 |     1 ||     6
  Use: Scroll            |     4 |     1 ||     5
 Stab: Sleeping          |    13 |       ||    13
Armor: Leather armour    |    15 |       ||    15
Dodge: Dodged            |    42 |     1 ||    43

Table legend: (Time is in decaauts)
 A = Elapsed time spent in this place.
 B = Non-inter-level travel time spent in this place.
 C = Inter-level travel time spent in this place.
 D = Time resting spent in this place.
 E = Time spent auto-exploring this place.
 F = Levels seen in this place.
 G = Mean time per level.
                   A        B        C        D        E       F      G
               +--------+--------+--------+--------+--------+-----+--------+
         Total |    973 |    949 |     24 |      0 |    702 |   5 |  194.6 |
       Dungeon |    973 |    949 |     24 |      0 |    702 |   5 |  194.6 |
               +--------+--------+--------+--------+--------+-----+--------+

Top non-repeatable levels by time:
     D:1: 576 daAuts
     D:2: 318 daAuts
     D:3: 66 daAuts
     D:4: 7 daAuts
     D:5: 3 daAuts
